 Dungeon Crawl Stone Soup version 0.28-a0-1234-g826d19b2e0 (webtiles) character file.

Game seed: 16121525309842449283

1340 HessuHobo the Chopper (level 8, 0/52 HPs)
             Began as a Gargoyle Fighter on Dec 24, 2021.
             Was a Follower of the Shining One.
             Slain by a two-headed ogre (31 damage)
             ... on level 4 of the Dungeon.
             The game lasted 00:09:11 (6749 turns).

HessuHobo the Chopper (Gargoyle Fighter)            Turns: 6749, Time: 00:09:11

Health: 0/52       AC: 19    Str: 22    XL:     8   Next: 62%
Magic:  5/8        EV:  8    Int:  9    God:    the Shining One [*.....]
Gold:   275        SH: 10    Dex:  9    Spells: 7/7 levels left

rFire   + . .      SeeInvis .   a - +0 war axe
rCold   . . .      Faith    .   c - +0 buckler
rNeg    + . .      Spirit   .   n - +2 chain mail {rF+}
rPois   ∞          Reflect  .   (no helmet)
rElec   +          Harm     .   l - +0 cloak
rCorr   .          Rampage  .   (no gloves)
Will    .....                   (no boots)
Stlth   ..........              (no amulet)
HPRegen 0.17/turn               (no ring)
MPRegen 0.11/turn               (no ring)

@: divinely shielded, glowing
A: sickness immunity, AC +5, negative energy resistance 1, electricity
resistance, torment resistance 1, petrification resistance
a: Renounce Religion, Divine Shield


You were on level 4 of the Dungeon.
You worshipped the Shining One.
The Shining One was aware of your devotion.
You visited 1 branch of the dungeon, and saw 5 of its levels.

You collected 275 gold pieces.

Inventory:

Hand Weapons
 a - a +0 war axe (weapon)
Missiles
 i - 146 stones (quivered)
Armour
 c - a +0 buckler (worn)
 l - a +0 cloak (worn)
 n - a +2 chain mail of fire resistance (worn)
Wands
 r - a wand of mindburst (14)
Scrolls
 e - 2 scrolls of amnesia
 g - 2 scrolls of teleportation
 h - 2 scrolls of enchant armour
 j - 2 scrolls of blinking
 m - a scroll of magic mapping {unknown}
 p - a scroll of silence {unknown}
 q - 3 scrolls of fog
Potions
 d - a potion of attraction {unknown}
 k - 3 potions of flight
 o - a potion of cancellation {unknown}
 s - a potion of berserk rage {unknown}


   Skills:
 + Level 6.3 Fighting
 * Level 6.7 Axes
 + Level 6.4 Armour
 - Level 4.0 Shields


You had 7 spell levels left.
You didn't know any spells.
Your spell library was empty.

Dungeon Overview and Level Annotations

Branches:
Dungeon (5/15)             Temple (0/1) D:5

Altars:
Gozag
Qazlal
Ru
Vehumet
The Shining One

Shops:
D:1 [   D:4 *


Innate Abilities, Weirdness & Mutations

You are immune to sickness and miasma.
Your stone body is resilient. (AC +5)
You are immune to poison.
You resist negative energy. (rN+)
You are resistant to electric shocks. (rElec)
You are resistant to unholy torment.
You are immune to petrification.


Message History

As you read the scroll of identify, it crumbles to dust.
j - 2 scrolls of blinking Your extra speed is starting to run out.
You feel yourself slow down.
You feel a little less agile now.
Done exploring.
Search for what [Enter for "."]? .
Search for what [Enter for "."]? shield Search for what [Enter for "shield", or ? for help]? glov Search for what [Enter for "glov", or ? for help]? boot
There is an open translucent door here.
Things that are here:
a +0 cloak; a +3 quarterstaff of chaos
There is an open door here.
There is a stone staircase leading up here.
You climb upwards.
The two-headed ogre completely misses you.
You block the two-headed ogre's attack.
There is a stone staircase leading down here.
Your shield is strengthened by the Shining One's divine power.
You block the two-headed ogre's attack. The two-headed ogre closely misses you.
You hit the two-headed ogre but do no damage.
You block the two-headed ogre's attack.
The two-headed ogre hits you but does no damage.
You hit the two-headed ogre.
The two-headed ogre is lightly wounded.
You block the two-headed ogre's attack.
The two-headed ogre hits you but does no damage.
Your chain mail prevents you from hitting the two-headed ogre.
The two-headed ogre is lightly wounded.
The two-headed ogre hits you but does no damage.
The two-headed ogre hits you with a +0 giant club!
You hit the two-headed ogre.
The two-headed ogre is lightly wounded.
You block the two-headed ogre's attack.
The two-headed ogre hits you with a +0 giant club!
You hit the two-headed ogre.
The two-headed ogre is moderately wounded.
The two-headed ogre hits you with a +0 giant spiked club!!
Ouch! That really hurt!
You die...

#.##.# #.##### #.# ##.
##.##.# #.# #.# #.. ......#
#.# #.# ##. ##.#### ##'##
##.## ## ##.#### ##...##
#.#.# ## ......# ##.....##
######.## #.
#####.###.......##
#.......#####.
#.##.......O.###.........#...
#..'........@'...............
#.##.........###.......#.)###
#.###.......## #.#.#.#.#.....
..# ##.....## #.#.#.....#.#.
#### ##...## #O#.###.###.#.
##+## #.......# #... #.#
###.##### #### #.# #O# #
##.#### #.# #


You could see a two-headed ogre.

Vanquished Creatures
  Grinder (D:3)
  Menkaure (D:5)
  Edmund (D:5)
  A water moccasin (D:5)
  A black bear (D:5)
  An ogre (D:5)
  A scorpion (D:4)
  A water moccasin skeleton (D:4)
  A centaur zombie (D:5)
  4 hounds
  Crazy Yiuf (D:5)
  An orc priest (D:5)
  A scorpion zombie (D:5)
  An iguana (D:5)
  3 orc wizards
  A howler monkey zombie (D:5)
  9 adders
  2 worms
  A dart slug (D:2)
  11 orcs
  10 ball pythons
  5 bats
  10 endoplasms
  4 giant cockroaches
  6 goblins
  4 hobgoblins
  3 jackals (D:2)
  A quokka (D:1)
  3 frilled lizards
  13 kobolds
  A rat (D:2)
104 creatures vanquished.

Notes
Turn   | Place    | Note
-------+----------+-------------------------------------------
     0 | D:1      | HessuHobo the Gargoyle Fighter began the quest for the Orb.
     0 | D:1      | Reached XP level 1. HP: 14/14 MP: 1/1
    56 | D:1      | Found Mogoheef's Armour Boutique.
    78 | D:1      | Reached XP level 2. HP: 13/19 MP: 2/2
   889 | D:1      | Found a faded altar of an unknown god.
   910 | D:1      | Reached XP level 3. HP: 19/23 MP: 3/3
  1811 | D:2      | Reached XP level 4. HP: 29/29 MP: 4/4
  2991 | D:3      | Reached XP level 5. HP: 30/33 MP: 5/5
  3129 | D:3      | Found a glowing golden altar of the Shining One.
  3201 | D:3      | Became a worshipper of the Shining One
  3254 | D:3      | Noticed Grinder
  3255 | D:3      | Paralysed by Grinder for 2 turns
  3269 | D:3      | Paralysed by Grinder for 5 turns
  3277 | D:3      | Killed Grinder
  3278 | D:3      | Reached XP level 6. HP: 13/39 MP: 6/6
  3567 | D:3      | Found an opulent altar of Gozag.
  4022 | D:4      | Reached XP level 7. HP: 33/44 MP: 7/7
  4222 | D:4      | Found a radiant altar of Vehumet.
  4273 | D:4      | Reached skill level 5 in Armour
  4460 | D:4      | Reached skill level 5 in Fighting
  4642 | D:4      | Reached skill level 5 in Axes
  4935 | D:4      | Found Caud's Serpentskin Sales.
  5063 | D:4      | Noticed a two-headed ogre
  5093 | D:5      | Entered Level 5 of the Dungeon
  5537 | D:5      | Noticed Menkaure
  5537 | D:5      | Reached * piety under the Shining One
  5545 | D:5      | Killed Menkaure
  5696 | D:5      | Found a staircase to the Ecumenical Temple.
  5754 | D:5      | Found a sacrificial altar of Ru.
  5854 | D:5      | Reached XP level 8. HP: 47/50 MP: 8/8
  6238 | D:5      | Found a stormy altar of Qazlal.
  6432 | D:5      | Noticed Edmund
  6439 | D:5      | Killed Edmund
  6606 | D:5      | Found a runed translucent door.
  6623 | D:5      | Noticed Crazy Yiuf
  6636 | D:5      | Killed Crazy Yiuf
  6749 | D:4      | Slain by a two-headed ogre

Illustrated notes

Levels and vault maps discovered:
D:1:      lemuel_arrival_room, layout_basic,
          hellmonk_ecumenical_altar_arch_garden, serial_shops,
          nicolae_square_shop, fountainhead
D:2:      layout_loops_ring, hangedman_decor_clover_reticule
D:3:      layout_rooms, lemuel_tele_altar, mainiacjoe_overflow_catwalk,
          uniq_grinder
D:4:      minmay_bubble_buster, layout_loops_corners, vehumet_crystals,
          guppyfry_shop_venom
D:5:      layout_loops_ring, nicolae_ru_path_of_blood,
          mainiacjoe_overflow_concentric_impassable, temple_doors_e,
          minmay_holes, uniq_crazy_yiuf_cottage, uniq_edmund, uniq_menkaure

Skill      XL: |  1  2  3  4  5  6  7  8 |
---------------+-------------------------+-----
Axes           | 2 3 4 5 6 |  6.7
Armour         | 4 5 6 |  6.4
Shields        | 4 |  4.0
Fighting       | 4 5 6 |  6.3

Action                   |  1- 3 |  4- 6 |  7- 9 || total
-------------------------+-------+-------+-------++-------
Melee: War axe           |    89 |   116 |   142 ||   347
Throw: Stone             |       |     8 |       ||     8
Invok: Divine Shield     |       |       |     2 ||     2
  Use: Potion            |       |     1 |       ||     1
       Scroll            |       |       |     6 ||     6
Armor: Scale mail        |    52 |    70 |     2 ||   124
       Chain mail        |       |       |    82 ||    82
Dodge: Dodged            |    54 |    55 |    63 ||   172
Block: Buckler           |    21 |    28 |    34 ||    83

Table legend: (Time is in decaauts)
 A = Elapsed time spent in this place.
 B = Non-inter-level travel time spent in this place.
 C = Inter-level travel time spent in this place.
 D = Time resting spent in this place.
 E = Time spent auto-exploring this place.
 F = Levels seen in this place.
 G = Mean time per level.
                   A        B        C        D        E       F      G
               +--------+--------+--------+--------+--------+-----+--------+
         Total |   6844 |   6683 |    161 |   3072 |   2627 |   5 | 1368.8 |
       Dungeon |   6844 |   6683 |    161 |   3072 |   2627 |   5 | 1368.8 |
               +--------+--------+--------+--------+--------+-----+--------+

Top non-repeatable levels by time:
     D:5: 1656 daAuts
     D:1: 1625 daAuts
     D:2: 1270 daAuts
     D:4: 1225 daAuts
     D:3: 1066 daAuts
